Map: Nightscape LE

Players

ElderTech - Winner!

  • Race: Protoss Protoss
  • League: Gold
  • Spawn Location: 7:00

Recovery - Winner!

  • Race: Protoss Protoss
  • Spawn Location: 7:00

Massa

  • Race: Terran Terran
  • League: Platinum
  • Spawn Location: 1:00

qqq

  • Race: Zerg Zerg
  • League: Platinum
  • Spawn Location: 1:00

VOD

Have the link to the VOD?

Description

Time

  • Played on: Sept. 26, 2020, 8:16 a.m.
  • Length: 10:50
Show
View Real Time Build Order
Export as new Build Order

ElderTech Protoss - Winner!

Build Orders:  

Get SALT Encoding   

  12  0:00  Probe  
  13  0:17  Pylon  
  13  0:19  Probe  
  14  0:37  Gateway  
  14  0:40  Probe  
  15  0:44  Assimilator  
  15  0:52  Probe (Chrono Boost)  
  16  1:03  Probe (Chrono Boost)  
  17  1:09  Probe  
  18  1:21  Probe  
  19  1:28  Gateway  
  19  1:29  Gateway  
  19  1:41  Cybernetics Core  
  19  1:45  Zealot (Chrono Boost)  
  21  1:56  Pylon  
  21  2:09  Zealot, Pylon  
  23  2:19  Forge  
  23  2:22  Twilight Council  
  23  2:26  Zealot  
  23  2:27  Warp Gate (Chrono Boost)  
  25  2:38  Zealot  
  27  2:49  Zealot  
  29  2:55  Charge (Chrono Boost)  
  29  3:08  Zealot  
  29  3:09  Zealot  
  33  3:17  Pylon  
  33  3:19  Protoss Ground Weapons Level 1  
  33  3:58  Zealot  
  33  3:59  Zealot x2  
  27  4:26  Zealot x3  
  33  4:37  Gateway x2  
  33  4:53  Assimilator  
  33  5:07  Zealot x3  
  29  5:30  Zealot  
  29  5:31  Zealot x3  
  29  5:32  Zealot  
  37  5:51  Protoss Ground Armor Level 1 (Chrono Boost)  
  37  5:54  Zealot x4  
  37  5:55  Zealot  
  33  6:18  Zealot  
  33  6:19  Zealot x3  
  35  6:46  Zealot x4  
  35  7:06  Forge  
  35  7:12  Zealot  
  35  7:13  Zealot  
  35  7:15  Zealot  
  39  7:52  Nexus  
  35  8:20  Zealot x2  
  35  8:21  Zealot x3  
  45  8:54  Zealot x2  
  47  8:59  Pylon  
  23  9:41  Zealot  
  23  9:42  Zealot x4  
  29  9:58  Photon Cannon  
  29  10:07  Pylon  
  29  10:08  Probe  
  29  10:11  Probe  
  31  10:22  Probe  
  31  10:27  Photon Cannon  
Show
View Real Time Build Order
Export as new Build Order

Recovery Protoss - Winner!

Build Orders:  

Get SALT Encoding   

  12  0:00  Probe (Chrono Boost)  
  13  0:12  Probe (Chrono Boost)  
  14  0:18  Pylon  
  14  0:20  Probe (Chrono Boost)  
  15  0:36  Probe  
  15  0:37  Gateway  
  16  0:43  Assimilator  
  16  0:48  Probe  
  17  1:00  Probe (Chrono Boost)  
  19  1:12  Probe (Chrono Boost)  
  19  1:20  Probe  
  20  1:27  Gateway  
  20  1:32  Gateway  
  19  1:33  Gateway  
  19  1:38  Pylon  
  19  1:42  Zealot (Chrono Boost)  
  21  1:58  Probe  
  22  2:04  Gateway  
  22  2:07  Zealot (Chrono Boost)  
  24  2:21  Zealot x3 (Chrono Boost)  
  30  2:26  Pylon  
  30  2:34  Pylon  
  30  2:44  Zealot  
  30  2:47  Pylon  
  30  2:48  Zealot  
  34  2:53  Zealot  
  36  2:59  Zealot  
  36  3:05  Zealot  
  40  3:12  Zealot  
  40  3:22  Zealot  
  40  3:23  Pylon  
  42  3:34  Zealot  
  42  3:35  Zealot  
  44  3:44  Zealot  
  44  3:48  Zealot  
  48  3:54  Zealot  
  50  4:02  Zealot  
  50  4:04  Zealot  
  48  4:11  Zealot  
  48  4:15  Zealot  
  48  4:25  Zealot  
  52  4:31  Zealot  
  52  4:41  Cybernetics Core  
  48  4:55  Zealot (Chrono Boost)  
  42  5:04  Zealot x2 (Chrono Boost)  
  44  5:07  Zealot (Chrono Boost)  
  42  5:24  Zealot  
  44  5:32  Twilight Council, Assimilator  
  44  5:35  Zealot  
  46  5:41  Zealot x2  
  50  5:52  Zealot  
  50  5:53  Warp Gate  
  52  6:11  Charge (Chrono Boost)  
  52  6:12  Zealot x2  
  56  6:22  Zealot  
  50  6:45  Zealot  
  50  6:46  Zealot  
  42  7:03  Zealot (Chrono Boost)  
  42  7:06  Zealot (Chrono Boost)  
  42  7:08  Dark Shrine  
  42  7:31  Zealot (Chrono Boost)  
  42  7:43  Nexus  
  36  8:22  Pylon, Dark Templar  
  36  8:23  Dark Templar x2  
  40  8:41  Dark Templar  
  38  8:59  Pylon  
  30  9:18  Pylon  
  30  9:27  Dark Templar  
  30  9:28  Dark Templar  
  30  9:29  Zealot  
  30  9:52  Stargate  
  24  10:37  Robotics Facility  
Show
View Real Time Build Order
Export as new Build Order

Massa Terran 

Build Orders: Gas First Reaper Expand 

Get SALT Encoding   

  12  0:00  SCV  
  13  0:12  SCV  
  14  0:22  Supply Depot  
  14  0:25  SCV  
  15  0:29  Refinery  
  15  0:44  SCV  
  15  0:45  Barracks  
  16  0:56  SCV  
  17  1:08  SCV  
  18  1:20  SCV  
  19  1:37  Command Center  
  19  1:44  Orbital Command  
  19  1:45  Reaper  
  20  1:52  Supply Depot  
  20  2:11  SCV  
  21  2:18  Marine  
  22  2:23  SCV, Bunker  
  22  2:28  Barracks  
  23  2:31  Barracks  
  23  2:36  Marine  
  24  2:52  Factory  
  24  2:54  Marine  
  25  2:59  Orbital Command  
  25  3:12  Marine  
  26  3:18  Marine x2  
  28  3:30  Marine  
  29  3:36  Marine x2  
  31  3:47  Marine  
  32  3:54  Marine x2  
  34  4:05  Marine  
  35  4:12  Marine x2  
  37  4:27  Factory Tech Lab  
  37  4:30  Starport  
  37  4:33  Barracks Tech Lab  
  37  5:03  Marauder, Marine x2  
  41  5:21  Marine x2  
  41  5:24  Marauder  
  32  5:39  Marine x2  
  34  5:44  Widow Mine  
  34  5:46  Marauder  
  38  5:56  Marine  
  38  5:57  Marine  
  37  6:05  Widow Mine  
  37  6:08  Marauder  
  39  6:14  Marine x2  
  39  6:15  SCV x2  
  42  6:19  Starport Tech Lab  
  38  6:27  Widow Mine, SCV x2  
  38  6:29  Marauder  
  38  6:32  Marine x2  
  42  6:39  SCV x2  
  43  6:43  Bunker  
  40  6:50  Marauder, Marine  
  37  7:04  Marine  
  37  7:22  Marine  
  38  7:35  Supply Depot  
  38  7:36  Supply Depot  
  38  7:37  Barracks, Supply Depot x2  
  38  7:38  Supply Depot x2  
  38  7:44  Concussive Shells  
  38  7:48  Barracks  
  38  7:49  Barracks  
  38  7:56  Banshee, Marine, SCV  
  38  7:57  Widow Mine  
  38  7:58  Marauder, Supply Depot  
  47  8:03  Supply Depot  
  32  8:14  Marine  
  32  8:18  Widow Mine  
  32  8:19  Orbital Command, Marauder  
  32  8:32  Marine  
  29  8:39  Widow Mine, Banshee, Marine x2  
  29  8:40  Marauder  
  37  8:57  Supply Depot x3  
  37  8:58  Supply Depot  
  37  8:59  Supply Depot  
  32  9:18  Marauder, Marine x3  
  32  9:22  Banshee, Supply Depot  
  32  9:23  Supply Depot  
  36  9:25  Supply Depot  
  28  9:36  Marine x3  
  30  9:40  Marauder  
  30  9:53  Marine  
  30  9:54  Marine x2  
  33  10:01  Marauder  
  32  10:11  Marine  
  35  10:29  Command Center  
Show
View Real Time Build Order
Export as new Build Order

qqq Zerg 

Build Orders: Hatch First 

Get SALT Encoding   

  12  0:00  Drone  
  13  0:08  Drone  
  14  0:48  Hatchery  
  13  0:52  Spawning Pool  
  13  0:54  Drone  
  13  1:01  Drone  
  14  1:06  Overlord  
  14  1:10  Extractor  
  13  1:20  Drone  
  14  1:33  Drone  
  14  1:34  Drone  
  14  1:38  Drone  
  17  1:40  Queen  
  19  1:49  Drone  
  20  2:02  Drone  
  20  2:03  Drone  
  22  2:10  Drone  
  23  2:21  Drone  
  23  2:22  Zergling x2  
  25  2:25  Metabolic Boost  
  25  2:32  Drone x2  
  25  2:34  Zergling x2  
  28  3:02  Hatchery  
  27  3:17  Overlord x2  
  27  3:18  Overlord  
  27  3:24  Zergling x2  
  28  3:35  Queen, Zergling x2  
  28  3:36  Overlord  
  28  3:37  Zergling x6  
  34  3:43  Zergling x2  
  33  3:56  Zergling x2  
  34  4:05  Zergling x2  
  34  4:06  Zergling x4  
  35  4:20  Zergling x8  
  35  4:21  Zergling x4  
  38  4:28  Zergling x2  
  32  4:47  Drone, Zergling x4  
  32  4:49  Hatchery  
  33  4:57  Zergling x4  
  31  5:12  Zergling x2  
  30  5:28  Zergling x4  
  29  5:51  Zergling x4  
  29  5:56  Lair  
  30  6:02  Drone  
  29  6:13  Zergling x8  
  29  6:14  Drone  
  33  6:20  Spine Crawler  
  30  6:28  Zergling x2  
  27  6:49  Zergling x6  
  30  6:56  Zergling x2  
  28  7:05  Zergling x2  
  28  7:06  Zergling x4  
  31  7:14  Hatchery  
  29  7:26  Spire  
  28  7:38  Drone x4  
  28  7:39  Drone  
  28  7:41  Extractor  
  28  7:43  Queen  
  34  8:05  Hatchery  
  24  8:51  Zergling x14  
  24  8:52  Zergling x6  
  15  9:06  Zergling x2  
  10  9:17  Drone, Zergling x2  
  10  9:18  Zergling x2  
  11  9:29  Zergling x4  
  11  9:30  Drone x2  
  10  10:16  Drone  
  8  10:35  Drone  
Tags
 
Add a new tag
Caveats
  • Supply blocks, unpowered buildings, or Contaminate may cause inaccurate times.
  • Supply counts are checked every 10 seconds.